 Dungeon Crawl Stone Soup version 0.29-a0-821-g66395355a5 (webtiles) character file.

Game seed: 10144186791394798271

1645 kae the Firebug (level 8, 0/57 HPs)
             Began as a Demigod Fire Elementalist on July 7, 2022.
             Slain by an orc warrior
             ... wielding a +0 scimitar
              (18 damage)
             ... on level 5 of the Dungeon.
             The game lasted 00:07:09 (8134 turns).

kae the Firebug (Demigod Fire Elementalist)         Turns: 8134, Time: 00:07:10

Health: 0/57       AC:  5    Str:  9    XL:     8   Next: 40%
Magic:  13/18      EV: 12    Int: 25    God:
Gold:   192        SH:  0    Dex: 16    Spells: 2/15 levels left

rFire   . . .      SeeInvis .   g - +1 whip
rCold   . . .      Faith    .   (no shield)
rNeg    . . .      Spirit   .   a - +0 robe
rPois   .          Reflect  .   r - +0 helmet
rElec   .          Harm     .   (no cloak)
rCorr   .          Rampage  .   o - +1 pair of gloves
Will    +++..                   (no boots)
Stlth   +++.......              (no amulet)
HPRegen 0.19/turn               w - ring "Voemonu" {Wiz Will+++ Dex+2 Slay+2 Stlth+}
MPRegen 0.16/turn               (no ring)

@: no status effects
A: high MP 1, forlorn, divine attributes
a: no special abilities


You were on level 5 of the Dungeon.
You visited 1 branch of the dungeon, and saw 6 of its levels.

You collected 192 gold pieces.


Innate Abilities, Weirdness & Mutations

You have an increased reservoir of magic. (+10% MP)
You shall have no god before yourself.
Your divine heritage dramatically boosts your attributes as you level up.


   Skills:
 - Level 1.7 Dodging
 - Level 1.7 Stealth
 + Level 4.4 Spellcasting
 * Level 6.4 Conjurations
 * Level 6.9 Fire Magic


You had 2 spell levels left.
You knew the following spells:

 Your Spells              Type           Power      Damage    Failure   Level
a - Foxfire               Conj/Fire      100%       2x1d9     1%          1
b - Scorch                Fire           80%        2d9       1%          2
c - Conjure Flame         Conj/Fire      38%        6-21      1%          3
d - Inner Flame           Hex/Fire       22%        N/A       2%          3
e - Flame Wave            Conj/Fire      38%        2d9       2%          4

Your spell library contained the following spells:

 Spells                   Type           Power      Damage    Failure   Level
 Fulminant Prism          Conj/Hex       10%        3d9       10%         4
 Iskenderun's Mystic Bla  Conj/Tloc      21%        2d6       10%         4
 Lee's Rapid Deconstruct  Erth           2%         3d6*      65%         5

Inventory:

Hand Weapons
 g - a +1 whip (weapon)
   (You took it off a kobold on level 1 of the Dungeon)
 y - the +6 hammer of Wixil {vorpal, *Noise rElec Stlth+}
   (You found it on level 4 of the Dungeon)

   It inflicts extra damage upon your enemies.
   rElec:     It insulates you from electricity.
   *Noise:    It may make noises in combat.
   Stlth:     It makes you more stealthy.
 z - the +7 hammer "Idili" {freeze, rCorr Dex+2}
   (You found it on level 4 of the Dungeon)

   It freezes those it strikes, dealing additional cold damage.
   It can also slow down cold-blooded creatures.
   Dex:       It affects your dexterity (+2).
   rCorr:     It protects you from acid and corrosion.
 A - the +11 hammer of Pufeogir {vorpal, Int+3}
   (You found it on level 4 of the Dungeon)

   It inflicts extra damage upon your enemies.
   Int:       It affects your intelligence (+3).
Missiles
 f - 44 stones
 i - 6 curare-tipped darts {=f}
 n - 8 poisoned darts
 q - a throwing net {=f!f}
 u - 5 javelins
 F - 5 boomerangs
Armour
 a - a +0 robe (worn)
 c - a +0 leather armour
   (You found it on level 4 of the Dungeon)
 e - a +0 leather armour
   (You took it off Eustachio on level 4 of the Dungeon)
 h - a +0 chain mail
   (You took it off an orc on level 5 of the Dungeon)
 j - a +0 chain mail
   (You found it on level 4 of the Dungeon)
 o - a +1 pair of gloves (worn)
   (You found it on level 2 of the Dungeon)
 r - a +0 helmet (worn)
   (You took it off Robin on level 2 of the Dungeon)
 v - a +0 robe
   (You took it off an orc wizard on level 3 of the Dungeon)
 x - a +0 robe
   (You found it on level 4 of the Dungeon)
 B - a +0 leather armour
   (You took it off an orc on level 4 of the Dungeon)
 C - a +0 robe
   (You took it off an orc wizard on level 5 of the Dungeon)
 D - a +0 robe
   (You took it off an orc wizard on level 5 of the Dungeon)
 E - a +0 robe
   (You took it off an orc wizard on level 5 of the Dungeon)
 G - a +0 leather armour
   (You took it off an orc on level 5 of the Dungeon)
 H - a +0 robe
   (You found it on level 5 of the Dungeon)
 I - a +0 robe
   (You took it off an orc wizard on level 5 of the Dungeon)
 J - a +0 ring mail
   (You took it off an orc on level 5 of the Dungeon)
 K - a +0 robe
   (You took it off an orc wizard on level 5 of the Dungeon)
 L - a +0 chain mail
   (You found it on level 5 of the Dungeon)
 M - a +0 robe
   (You took it off an orc wizard on level 5 of the Dungeon)
 N - a +0 robe
   (You took it off an orc wizard on level 5 of the Dungeon)
 O - a +0 ring mail
   (You found it on level 5 of the Dungeon)
 P - a +0 leather armour
   (You took it off an orc on level 5 of the Dungeon)
 Q - a +0 leather armour
   (You took it off an orc on level 5 of the Dungeon)
 R - a +0 robe
   (You took it off an orc wizard on level 5 of the Dungeon)
 S - a +0 scale mail
   (You took it off an orc on level 5 of the Dungeon)
 U - a +0 robe
   (You took it off an orc wizard on level 5 of the Dungeon)
 V - a +0 ring mail
   (You took it off an orc on level 5 of the Dungeon)
Jewellery
 w - the ring "Voemonu" (left hand) {Wiz Will+++ Dex+2 Slay+2 Stlth+}
   (You acquired it on level 4 of the Dungeon)

   [ring of wizardry]

   It improves your spell success rate.
   Dex:       It affects your dexterity (+2).
   Slay:      It affects your accuracy & damage with ranged weapons and melee
   (+2).
   Will:      It greatly increases your willpower.
   Stlth:     It makes you more stealthy.
 T - an amulet of faith {!P}
   (You found it on level 4 of the Dungeon)
Scrolls
 p - 2 scrolls of enchant armour
Potions
 b - a potion of magic
 d - 3 potions of attraction {unknown}
 k - 3 potions of might {unknown}
 l - 2 potions of degeneration {!q}
 m - 5 potions of curing {@q1}
 s - 4 potions of brilliance {unknown}
 t - 2 potions of lignification {unknown}
 W - a potion of invisibility {unknown}
 X - a potion of mutation {unknown}

Dungeon Overview and Level Annotations

Branches:
Dungeon (6/15) Zot: 26544
 Temple: D:4-7

Annotations:
D:4 1 runed translucent door, Crazy Yiuf

........#
#.#..#.#####
........# #.#.......#
........# #.#.......#
........# #.#.......#
..).....###.#.......#
)...........#.......#
##'##...)...........#
#.##..).........o..#
##.##...........@...#
...##............s..#
#####.........#######
#.........#
#.........#
#.........#
#.........#
###########


You could see an orc warrior and a scorpion.


Message History

There is a stone staircase leading down here. 😨 HP[-11] MP[+1]
You take 11 damage, and now have 22/57 hp.
Unknown command.
You can't go up here!
Casting: Foxfire (safe; 1% risk of failure)
Confirm with . or Enter, or press ? or * to list all spells.
Casting: Flame Wave (dangerous; 2% risk of failure)
Press: ? - help, Dir - look around, f - activate A wave of flame ripples out!
The flame wave engulfs the water moccasin! (Press . to intensify the flame waves.)
You feel very sick.
The water moccasin bites you but does no damage. 😨 HP[-3] MP[-4]
You take 3 damage, and now have 19/57 hp.
You lost 4 mp, and now have 12/17 mp.
A wave of flame ripples out!
The flame wave engulfs the water moccasin!
You kill the water moccasin!
You feel sick. 😨 HP[-2] MP[-1]
You take 2 damage, and now have 17/57 hp.
You start resting.
You feel sick. x6
You are no longer poisoned. 😱 HP[-6] MP[+1]
You take 6 damage, and now have 11/57 hp.
You start resting. 😱 HP[+3] MP[+3]
You regained 3 hp, and now have 14/57 hp.
You regained 3 mp, and now have 15/18 mp.
Done exploring.
Done exploring. 😕 HP[+34] MP[+3]
You regained 34 hp, and now have 48/57 hp.
Your mp is fully restored (18).
Done exploring.
Done exploring.
You start resting. 😎 HP[+9]
Your hp is fully restored (57).
You climb downwards.
The orc barely misses you. The orc hits you but does no damage.
There is a stone staircase leading up, spattered with blood here.
Casting: Flame Wave (dangerous; 2% risk of failure)
Confirm with . or Enter, or press ? or * to list all spells.
Casting: Flame Wave (dangerous; 2% risk of failure)
Press: ? - help, Dir - look around, f - activate A wave of flame ripples out!
The flame wave engulfs the orc. (Press . to intensify the flame waves.)
You hear a shout! x2
The orc hits you with a +0 hand axe. 😕 HP[-6] MP[-4]
You take 6 damage, and now have 51/57 hp.
You lost 4 mp, and now have 14/18 mp.
A wave of flame ripples out!
The flame wave engulfs the orc!
You kill the orc!
The flame wave engulfs the orc warrior but does no damage.
The flame wave engulfs the scorpion!
The scorpion stings you.
The orc warrior closely misses you. 😕 HP[-2] MP[-1]
You take 2 damage, and now have 49/57 hp.
You lost 1 mp, and now have 13/18 mp.
A wave of flame ripples out!
The flame wave engulfs the orc warrior!
The flame wave engulfs the scorpion but does no damage.
The flame wave engulfs the orc wizard!
You finish channelling waves of flame.
The scorpion stings you.
You are poisoned.
The scorpion poisons you!
The orc warrior hits you with a +0 scimitar! 😮 HP[-18] MP[-1]
You take 18 damage, and now have 31/57 hp.
MASSIVE DAMAGE!! (PAUSE)
You lost 1 mp, and now have 12/18 mp.
Unknown command.
You feel very sick. The scorpion misses you.
The orc warrior hits you with a +0 scimitar!!
* * * LOW HITPOINT WARNING * * *
You climb upwards.
* * * LOW HITPOINT WARNING * * *
You feel very sick.
There is a stone staircase leading down here.
Unknown command. 😱 HP[-27] MP[+1]
You take 27 damage, and now have 4/57 hp.
MASSIVE DAMAGE!! (PAUSE) Unknown command.
You feel better. The scorpion misses you.
The orc warrior hits you with a +0 scimitar.
* * * LOW HITPOINT WARNING * * *
The scorpion stings you.
* * * LOW HITPOINT WARNING * * *
😱 HP[+4]
You regained 4 hp, and now have 8/57 hp.
Okay, then.
You feel better.
The scorpion stings you but does no damage.
The orc warrior hits you with a +0 scimitar!!
You die...

Skill      XL: |  1  2  3  4  5  6  7  8 |
---------------+-------------------------+-----
Conjurations   | 1 2 3 4 5 6 |  6.4
Fire Magic     | 3 4 5 6 |  6.9
Spellcasting   | 2 3 4 |  4.4
Dodging        | |  1.7
Stealth        | |  1.7

Action                   |  1- 3 |  4- 6 |  7- 9 || total
-------------------------+-------+-------+-------++-------
Melee: Whip              |     1 |     9 |     1 ||    11
 Cast: Foxfire           |    77 |    83 |    65 ||   225
       Scorch            |    10 |    36 |    17 ||    63
       Inner Flame       |       |     1 |     1 ||     2
       Conjure Flame     |       |       |     5 ||     5
       Flame Wave        |       |       |     3 ||     3
  Use: Scroll            |     4 |     6 |       ||    10
       Potion            |       |     6 |     2 ||     8
Armor: Robe              |     4 |    49 |    18 ||    71
Dodge: Dodged            |    20 |    76 |    30 ||   126

Levels and vault maps discovered:
D:1:      dpeg_arrival_ternary, layout_basic, basic_ecumenical_altar,
          serial_rivers, chequers_serial_rivers_small_a,
          chequers_serial_rivers_room_b, chequers_serial_rivers_small_3,
          chequers_serial_rivers_large_b, chequers_serial_rivers_room_b,
          supply_closet_lemuel
D:2:      layout_loops_ring, basic_altar, uniq_robin
D:3:      layout_loops_cross, minitemple
D:4:      layout_loops_corners, uniq_eustachio, uniq_crazy_yiuf_cottage
D:5:      layout_basic
D:6:      layout_layer_cave, temple_statues, minmay_misc_feat_ornament,
          minmay_fractal_squares_5

Notes
Turn   | Place    | Note
-------+----------+-------------------------------------------
     0 | D:1      | kae the Demigod Fire Elementalist began the quest for the
                  | Orb.
     0 | D:1      | Reached XP level 1. HP: 14/14 MP: 5/5
     0 | D:1      | magus.rc [v1.11.3]
    86 | D:1      | Reached skill level 1 in Conjurations
   289 | D:1      | Reached XP level 2. HP: 20/20 MP: 4/7
   313 | D:1      | Reached skill level 3 in Fire Magic
   382 | D:1      | Reached skill level 2 in Spellcasting
  1582 | D:1      | Learned a level 2 spell: Scorch
  1638 | D:2      | Reached XP level 3. HP: 18/26 MP: 4/8
  1770 | D:2      | Reached skill level 2 in Conjurations
  2282 | D:2      | Noticed Robin
  2332 | D:2      | Killed Robin
  2637 | D:2      | Reached XP level 4. HP: 21/33 MP: 4/10
  2965 | D:3      | Learned a level 3 spell: Conjure Flame
  3037 | D:3      | You pick up a book of Blasting and begin reading...
  3037 | D:3      | You add the spells Fulminant Prism, Iskenderun's Mystic
                  | Blast and Lee's Rapid Deconstruction to your library.
  3206 | D:3      | Noticed an ice beast
  3217 | D:3      | Killed an ice beast
  3218 | D:3      | Reached skill level 3 in Conjurations
  3218 | D:3      | Reached skill level 4 in Fire Magic
  3218 | D:3      | Reached XP level 5. HP: 12/38 MP: 0/11
  4821 | D:4      | HP: 9/38 [iguana (8)]
  5080 | D:4      | Noticed Eustachio
  5335 | D:4      | Found a runed translucent door.
  5345 | D:4      | Learned a level 3 spell: Inner Flame
  5349 | D:4      | Identified the +6 hammer of Wixil {vorpal, *Noise rElec
                  | Stlth+}
  5352 | D:4      | Identified the +7 hammer "Idili" {freeze, rCorr Dex+2}
  5360 | D:4      | Noticed Crazy Yiuf
  5364 | D:4      | Identified the +11 hammer of Pufeogir {vorpal, Int+3}
  5522 | D:4      | Reached XP level 6. HP: 19/45 MP: 5/13
  5528 | D:4      | Identified a scroll of acquirement
  5528 | D:4      | Acquired the ring "Voemonu" {Wiz Will+++ Dex+2 Slay+2
                  | Stlth+}
  5542 | D:5      | Entered Level 5 of the Dungeon
  5589 | D:5      | Reached skill level 3 in Spellcasting
  5602 | D:5      | HP: 10/45 [orc/+0 mace (6)]
  5603 | D:5      | HP: 3/45 [orc/+0 trident (7)]
  5612 | D:5      | HP: 10/45 [orc/+0 mace (4)]
  6048 | D:4      | Killed Eustachio
  6049 | D:4      | Reached skill level 4 in Conjurations
  6049 | D:4      | Reached skill level 5 in Fire Magic
  6233 | D:4      | Reached XP level 7. HP: 50/50 MP: 9/15
  6593 | D:5      | Reached skill level 5 in Conjurations
  6990 | D:5      | Reached skill level 6 in Fire Magic
  7216 | D:5      | Reached skill level 4 in Spellcasting
  7353 | D:5      | Reached XP level 8. HP: 57/57 MP: 6/17
  7638 | D:5      | Learned a level 4 spell: Flame Wave
  7691 | D:5      | Reached skill level 6 in Conjurations
  7881 | D:5      | HP: 14/57 [poisoned by a water moccasin]
  8131 | D:6      | HP: 7/57 [orc warrior/+0 scimitar (21)]
  8134 | D:5      | Slain by an orc warrior

Vanquished Creatures
  Eustachio (D:4)
  A water moccasin (D:5)
  2 ice beasts
  A sky beast (D:6)
  2 phantoms (D:5)
  3 scorpions
  3 killer bees (D:5)
  2 jellies (D:5)
  2 orc priests (D:5)
  3 iguanas
  10 orc wizards
  Robin (D:2)
  5 adders
  A white imp (D:5)
  An ufetubus (D:5)
  A dart slug (D:1)
  20 orcs
  2 bats
  6 endoplasms
  6 giant cockroaches
  11 goblins
  11 hobgoblins
  11 jackals (D:4)
  2 quokkas (D:2)
  8 ball pythons
  2 frilled lizards
  12 kobolds
  10 rats
140 creatures vanquished.

Vanquished Creatures (others)
  An orc wizard (D:5)
  368 foxfires
369 creatures vanquished.

Grand Total: 509 creatures vanquished

Table legend:
 A = Non-vault XP
 B = Vault XP
 C = Vault XP percentage of total XP
 D = Non-vault monster count
 E = Vault monster count
 F = Vault count percentage of total count
                 A         B        C        D         E       F
            +---------+---------+-------+---------+---------+-------
      Total |    2121 |     230 |   9.8 |     130 |      11 |   7.8
            +---------+---------+-------+---------+---------+-------
        D:1 |      36 |       0 |   0.0 |      23 |       0 |   0.0
        D:2 |      61 |      31 |  33.7 |      23 |       9 |  28.1
        D:3 |     225 |       0 |   0.0 |      20 |       0 |   0.0
        D:4 |     261 |     196 |  42.9 |      24 |       1 |   4.0
        D:5 |    1286 |       0 |   0.0 |      37 |       0 |   0.0
        D:6 |     252 |       3 |   1.2 |       3 |       1 |  25.0
            +---------+---------+-------+---------+---------+-------

Illustrated notes

Table legend:
 A = Kills in this place as a percentage of kills in entire the game.
 B = Kills by you in this place as a percentage of kills by you in the entire game.
 C = Kills by friends in this place as a percentage of kills by friends in the entire game.
 D = Other kills in this place as a percentage of other kills in the entire game.
 E = Experience gained in this place as a percentage of experience gained in the entire game.
 F = Experience gained in this place divided by the number of levels of this place that you have seen.
                   A       B       C       D       E      F
               +-------+-------+-------+-------+-------+----------------------
         Total | 100.0 | 100.0 |   N/A | 100.0 | 100.0 | 391.8
       Dungeon | 100.0 | 100.0 |   N/A | 100.0 | 100.0 | 391.8
               +-------+-------+-------+-------+-------+----------------------

Table legend: (Time is in decaauts)
 A = Elapsed time spent in this place.
 B = Non-inter-level travel time spent in this place.
 C = Inter-level travel time spent in this place.
 D = Time resting spent in this place.
 E = Time spent auto-exploring this place.
 F = Levels seen in this place.
 G = Mean time per level.
                   A        B        C        D        E       F      G
               +--------+--------+--------+--------+--------+-----+--------+
         Total |   8176 |   7937 |    239 |   1032 |   5856 |   6 | 1362.7 |
       Dungeon |   8176 |   7937 |    239 |   1032 |   5856 |   6 | 1362.7 |
               +--------+--------+--------+--------+--------+-----+--------+

Top non-repeatable levels by time:
     D:5: 2182 daAuts
     D:4: 1701 daAuts
     D:1: 1670 daAuts
     D:2: 1328 daAuts
     D:3: 1163 daAuts
     D:6: 129 daAuts
